Map: Mist Opportunities

Players

Xaeric

  • Race: Zerg Zerg

VVanilla

  • Race: Terran Terran

VOD

Have the link to the VOD?

Description

Time

  • Played on: Aug. 25, 2025, 6:59 p.m.
  • Length: 30:11
Show
View Real Time Build Order
Export as new Build Order

Xaeric Zerg 

Build Orders:  

Get SALT Encoding   

  12  0:04  Drone  
  13  0:10  Drone  
  14  0:22  Overlord  
  14  0:28  Extractor  
  14  0:29  Drone  
  14  0:34  Extractor  
  14  0:36  Drone  
  14  0:47  Drone x2  
  16  0:53  Drone  
  17  1:05  Drone x2  
  19  1:26  Spawning Tool  
  18  1:47  Zergling x2  
  18  1:48  Zergling x2  
  20  1:52  Zergling x2  
  21  2:05  Overlord, Drone  
  22  2:32  Infestation Pit  
  22  2:39  Drone x2  
  23  2:40  Drone x2  
  23  2:41  Drone  
  26  3:27  Hatchery  
  25  3:33  Drone  
  25  3:38  Overlord  
  26  3:57  Drone x4  
  30  4:09  Overlord  
  30  4:10  Drone  
  31  4:29  Drone x4  
  35  4:33  Extractor  
  35  4:35  Extractor  
  35  4:38  Drone x2  
  35  5:02  Drone x7  
  42  5:14  Drone x2  
  44  5:22  Hardened Ergonergy Shield  
  44  5:31  Evolution Chamber  
  44  5:33  Evolution Chamber  
  42  5:44  Hydralisk Den  
  41  6:03  Drone x3  
  41  6:08  Drone  
  45  6:16  Erudition Missile Launchers  
  45  6:17  Muscular Augments  
  45  6:20  Hydralisk  
  45  6:21  Hydralisk x2  
  51  6:47  Super Gary  
  51  7:19  Drone  
  52  7:22  Overlord  
  52  7:23  Overlord x2  
  52  7:50  Hydralisk x2  
  52  7:51  Hydralisk x9  
  52  7:59  Zerg Melee Weapons Level 1  
  74  8:00  Zerg Missile Weapons Level 1, Zerg Ground Armor Level 1  
  74  8:02  Zergling  
  74  8:03  Zergling x2  
  74  8:05  Tyr-Class Targeting System  
  74  8:13  Metabolic Boost  
  74  8:27  Adrenal Glands  
  66  8:49  Hydralisk  
  68  8:50  Hydralisk x3  
  68  8:58  Zergling x2  
  75  9:02  Overlord  
  75  9:03  Overlord x3  
  75  9:07  Overlord  
  75  9:08  Overlord  
  75  9:52  Hydralisk  
  75  9:54  Hydralisk x3  
  75  9:55  Hydralisk x6  
  93  10:02  Zergling  
  93  10:04  UMI-C Charging Protocol  
  87  10:59  Hydralisk  
  87  11:01  Zergling x2  
  87  11:02  Zergling x22  
  93  11:52  Hydralisk  
  93  11:53  Zergling x2  
  93  11:54  Zergling x2  
  93  11:56  Overlord, Zergling x4  
  93  11:58  Zergling x4  
  101  12:01  Infestor x2  
  101  12:02  Infestor  
  101  12:04  Hydralisk  
  101  12:05  Ventral Sacs  
  101  12:08  Pneumatized Carapace  
  109  12:29  Zergling  
  76  12:30  Zergling x4  
  109  12:34  Hydralisk  
  109  12:35  Hydralisk  
  109  12:43  Zergling  
  109  12:44  Zergling  
  109  12:59  Hydralisk x2  
  110  13:00  Hydralisk x10  
  119  13:33  Zergling x2  
  119  13:34  Zergling x10  
  125  13:54  Infestor x3  
  125  14:06  Hydralisk x2  
  125  14:08  Hydralisk x2  
  125  14:11  Hydralisk x12  
  125  14:13  Zergling  
  125  14:15  Zergling  
  125  14:16  Zergling x2  
  125  14:20  Zergling x36  
  101  15:00  Hydralisk  
  101  15:01  Hydralisk x11  
  101  15:08  Zergling  
  101  15:09  Zergling x2  
  125  15:29  Zergling  
  125  15:38  Zergling  
  123  17:02  Hydralisk  
  123  17:03  Hydralisk x3  
  123  17:04  Zergling x2  
  123  17:07  Overlord  
  123  17:08  Overlord x6  
  132  18:31  Zergling  
  132  18:32  Zergling  
  132  18:33  Zergling x6  
  126  18:51  Hydralisk  
  123  19:01  Zergling  
  123  19:02  Zergling  
  121  19:35  Hydralisk x3  
  121  19:36  Hydralisk x2  
  121  19:37  Hydralisk x3, Zergling x4  
  121  19:38  Zergling x4  
  141  21:00  Zergling  
  141  21:04  Zergling  
  141  21:05  Zergling x2  
  139  21:32  Hydralisk  
  139  21:34  Hydralisk  
  139  21:36  Hydralisk  
  139  21:37  Hydralisk, Zergling  
  139  21:38  Hydralisk, Zergling  
  139  21:39  Zergling x2  
  137  21:40  Zergling  
  137  21:41  Zergling  
  137  21:42  Zergling x2  
  137  21:43  Zergling  
  137  21:44  Zergling  
  137  21:45  Zergling x2  
  83  22:15  Hydralisk  
  83  22:16  Hydralisk x11  
  95  23:03  Hydralisk x3  
  95  23:04  Hydralisk x7  
  115  23:42  Hydralisk  
  115  23:46  Zergling  
  115  23:48  Zergling x2  
  115  23:49  Zergling  
  111  24:21  Hydralisk, Infestor  
  111  24:22  Infestor x2  
  111  24:23  Hydralisk x2  
  111  24:24  Hydralisk x2  
  111  24:25  Infestor x3  
  131  25:47  Hydralisk  
  131  25:48  Hydralisk x9, Zergling x2  
  131  25:49  Zergling x2  
  146  25:56  Zerg Missile Weapons Level 2, Zerg Melee Weapons Level 2  
  147  26:02  Zerg Ground Armor Level 2  
  147  26:10  BONUS Ravager  
  147  26:13  Hydralisk  
  147  26:15  Hydralisk x3  
  155  27:17  Hydralisk  
  155  27:24  Zergling  
  155  27:26  Zergling  
  154  28:03  Zergling  
  154  28:04  Zergling x2  
  151  28:36  Zergling  
  146  29:04  Zergling x2  
  146  29:05  Zergling x20  
  146  29:06  Zergling x2  
Show
View Real Time Build Order
Export as new Build Order

VVanilla Terran 

Build Orders:  

Get SALT Encoding   

  12  0:05  Starport Tech Lab  
  12  0:08  SCV  
  13  0:25  Supply Depot, SCV  
  15  0:42  SCV  
  16  1:00  SCV  
  16  1:02  Refinery  
  16  1:17  Refinery, SCV  
  16  1:18  Assault Galleon  
  18  1:34  SCV  
  18  1:48  Assault Galleon  
  19  1:51  SCV  
  19  2:08  SCV  
  20  2:20  Assault Galleon  
  20  2:25  SCV  
  22  2:42  SCV  
  22  2:51  Assault Galleon  
  22  2:57  Supply Depot  
  22  2:59  SCV  
  23  3:16  SCV  
  24  3:24  Assault Galleon  
  25  3:33  SCV  
  25  4:02  Command Center  
  26  4:11  SCV  
  26  4:28  Refinery, SCV  
  27  4:42  Armory  
  27  4:45  SCV  
  29  5:02  SCV  
  29  5:19  SCV  
  30  5:22  Hellbat x2  
  34  5:30  Engineering Bay  
  34  5:36  SCV  
  35  5:45  Refinery  
  36  5:53  SCV  
  36  5:59  SCV  
  37  6:00  Fusion Core  
  38  6:10  SCV  
  38  6:16  SCV  
  39  6:27  SCV  
  41  6:33  SCV  
  42  6:44  SCV  
  43  6:50  SCV  
  43  6:59  Horner Weapons Level 1  
  44  7:01  SCV  
  44  7:07  SCV  
  54  7:18  SCV  
  56  7:24  SCV  
  56  7:25  Drone Hangar x2  
  56  7:26  Drone Hangar  
  59  7:35  SCV  
  61  7:41  SCV  
  61  7:43  Drone Hangar  
  62  7:50  Supply Depot  
  62  7:52  SCV  
  62  7:59  Supply Depot  
  64  8:12  SCV x2  
  64  8:20  Hellbat x2  
  64  8:23  Supply Depot  
  64  8:28  Immolation Fluid  
  64  8:29  Supply Depot  
  71  8:35  Hellbat  
  71  8:38  Drone Hangar  
  71  8:49  Hellbat  
  75  8:50  Hellbat  
  75  8:53  Theia Raven  
  75  8:59  Multi-Threaded Sensors  
  77  9:04  Supply Depot  
  77  9:06  Supply Depot  
  77  9:20  Hellbat  
  77  9:21  Hellbat  
  81  9:31  Wildfire Explosives  
  77  10:07  Horner Weapons Level 2  
  77  10:13  Asteria Wraith  
  77  10:14  Trigger Override  
  85  10:47  Asteria Wraith  
  93  10:54  Hellbat  
  95  11:00  Hellbat  
  97  11:17  Unregistered Cloak System  
  97  11:26  Supply Depot  
  97  11:27  Supply Depot  
  95  12:00  Supply Depot  
  95  12:02  Supply Depot  
  95  12:25  Sovereign Battlecruiser  
  95  12:26  Hellbat  
  95  12:27  Hellbat x3  
  113  13:09  Hellbat x3  
  121  13:10  Hellbat x2  
  121  13:19  Hellbat x4  
  123  14:29  Horner Weapons Level 3  
  113  14:48  Sovereign Battlecruiser  
  113  14:49  Hellbat  
  125  14:50  Hellbat x4  
  125  14:59  Hellbat  
  135  15:00  Hellbat x4  
  143  15:44  Asteria Wraith  
  151  15:59  Hellbat x3  
  159  16:00  Hellbat x2  
  159  16:09  Hellbat  
  159  17:21  Sovereign Battlecruiser  
  159  17:23  Hellbat  
  159  17:24  Hellbat x4  
  179  17:33  Hellbat  
  179  17:34  Hellbat x2  
  179  17:38  Hellbat x2  
  189  17:43  Hellbat  
  191  18:09  Widow Mine  
  199  18:10  Widow Mine x3  
  199  18:35  Horner Armor Level 1  
  199  18:38  Black Market Launchers  
  199  19:20  Executioner Missiles  
  199  21:56  Hellbat  
  199  21:57  Hellbat x2  
  199  21:59  Hellbat x2  
  197  22:02  Horner Armor Level 2  
  197  22:06  Hellbat x3  
  197  22:09  Hellbat x2  
  197  22:16  Hellbat x3  
  197  22:19  Hellbat  
  195  23:01  Hellbat  
  195  23:02  Hellbat x2  
  193  23:12  Hellbat x2  
  193  23:13  Hellbat x2  
  193  23:35  Hellbat x2  
  193  23:36  Hellbat x3  
  179  23:51  Hellbat  
  179  23:52  Hellbat x4  
  181  24:01  Hellbat  
  181  24:02  Hellbat x4  
  189  24:11  Hellbat  
  189  24:12  Hellbat x3  
  189  24:18  Hellbat  
  195  24:21  Hellbat  
  195  24:22  Hellbat x2  
  195  24:41  Hellbat x2  
  199  25:45  Horner Armor Level 3  
  199  28:18  Hellbat  
  199  28:19  Hellbat x2  
  199  28:22  Hellbat  
  195  28:37  Hellbat x2  
Tags
 
Add a new tag
Caveats
  • Supply blocks, unpowered buildings, or Contaminate may cause inaccurate times.
  • Supply counts are checked every 10 seconds.